 Dungeon Crawl Stone Soup version 0.31.0-2-g5a2aebc5c2 (webtiles) character file.

Game seed: 13251446402188859865

79 ssalbiz the Chopper (level 4, 0/58 HPs)
             Began as a Minotaur Berserker on Jan 21, 2024.
             Was a Believer of Trog.
             Succumbed to Robin's poison
             ... on level 3 of the Dungeon.
             The game lasted 00:01:25 (1450 turns).

ssalbiz the Chopper (Minotaur Berserker)            Turns: 1450, Time: 00:01:25

Health: 0/58       AC:  5    Str: 24    XL:     4   Next: 17%
Magic:  3/3        EV: 12    Int:  4    God:    Trog [**....]
Gold:   82         SH:  0    Dex:  9    Spells: 3/3 levels left

rFire   . . .        a - +0 hand axe
rCold   . . .        (no shield)
rNeg    . . .        b - +0 animal skin
rPois   .            (helmet restricted)
rElec   .            (no cloak)
rCorr   .            (no gloves)
SInv    .            g - +2 pair of boots
Will    .....        (no amulet) Stlth
                     (no ring)
HPRegen 0.29/turn    (no ring)
MPRegen 0.08/turn

%: no passive effects
@: berserking (expiring), lethally poisoned (0 -> -8), very quick
A: horns 2, retaliatory headbutt
a: Renounce Religion, Berserk, Trog's Hand


You were on level 3 of the Dungeon.
You worshipped Trog.
Trog was pleased with you.
You visited 1 branch of the dungeon, and saw 3 of its levels.

You collected 82 gold pieces.

Inventory:

Hand Weapons
 a - a +0 hand axe (weapon)
Armour
 b - a +0 animal skin (worn)
 g - a +2 pair of boots (worn)
Scrolls
 c - 2 scrolls of identify {unknown}
 e - a scroll of vulnerability {unknown}
 f - a scroll of teleportation {unknown}
Potions
 d - 3 potions of curing {unknown}


   Skills:
 - Level 3.6 Fighting
 + Level 6.1 Axes
 - Level 2.4 Armour
 - Level 2.1 Dodging


You had 3 spell levels left.
You didn't know any spells.
Your spell library was empty.

Dungeon Overview and Level Annotations

Branches:
Dungeon (3/15)

Altars:


Innate Abilities, Weirdness & Mutations

You have a pair of horns on your head.
You reflexively headbutt those who attack you in melee.


Message History

You barely miss the goblin.
You feel sick. The goblin misses you.
Robin hits you with a +1 spear of venom.
* * * LOW HITPOINT WARNING * * *
You are lethally poisoned!
You barely miss Robin. You headbutt Robin!
You kill Robin!
Trog accepts your kill.
You barely miss the goblin.
* * * LOW HITPOINT WARNING * * *
You feel sick. The goblin barely misses you. You furiously retaliate!
You headbutt the goblin!
You kill the goblin!
Trog accepts your kill.
A goblin comes into view. It is wielding a +0 dagger.
Your Axes skill increases to level 6!
You have reached level 4!
You feel stronger.
A goblin comes into view. It is wielding a +0 club.
* * * LOW HITPOINT WARNING * * *
You feel sick.
The goblin shouts!
You see here a +0 club.
You closely miss the goblin. You slash the goblin!
You kill the goblin!
Trog accepts your kill.
* * * LOW HITPOINT WARNING * * *
You feel sick. The goblin hits you with a +0 club.
* * * LOW HITPOINT WARNING * * *
You slash the goblin!
You kill the goblin!
Trog accepts your kill.
* * * LOW HITPOINT WARNING * * *
You feel sick.
You are too berserk!
Unknown command.
You are too berserk!
Unknown command.
Unknown command.
Unknown command.
You die...

#########
#....g))#
#.# #@#
#.#####.#
#.##..))#
#.##)##.####
#.##.##.....
#.......###
####.####
#.#.##
##....## ###
...


You could see a goblin.

Vanquished Creatures
  Robin (D:3)
  2 adders (D:2)
  A dart slug (D:1)
  3 ribbon worms (D:2)
  3 ball pythons
  2 endoplasms
  2 giant cockroaches (D:2)
  7 goblins
  3 hobgoblins
  2 quokkas
  4 bats (D:2)
  2 frilled lizards
  4 kobolds
  6 rats
42 creatures vanquished.

Notes
Turn   | Place    | Note
-------+----------+-------------------------------------------
     0 | D:1      | ssalbiz the Minotaur Berserker began the quest for the Orb.
     0 | D:1      | Reached XP level 1. HP: 19/19 MP: 0/0
   146 | D:1      | Reached skill level 4 in Axes
   360 | D:1      | Reached XP level 2. HP: 26/26 MP: 1/1
   650 | D:2      | Reached skill level 5 in Axes
   708 | D:2      | Reached XP level 3. HP: 31/31 MP: 2/2
   869 | D:2      | Reached ** piety under Trog
  1437 | D:3      | Noticed Robin
  1446 | D:3      | Killed Robin
  1447 | D:3      | Reached skill level 6 in Axes
  1447 | D:3      | Reached XP level 4. HP: 8/39 MP: 3/3
  1448 | D:3      | HP: 2/58 [goblin/+0 club[Robin] (2)]
  1450 | D:3      | Succumbed to Robin's poison

Illustrated notes

Levels and vault maps discovered:
D:1:      minmay_arrival_loop, layout_loops_ring, chequers_mini_garden
D:2:      layout_loops_ring
D:3:      layout_loops_cross, mainiacjoe_overflow_six_doors_small,
          cheibrodos_sewer_entry_bend, uniq_robin, uniq_ijyb

Skill      XL: |  1  2  3 |
---------------+----------+-----
Axes           | 4 5 6 |  6.1
Fighting       | |  3.6
Armour         | |  2.4
Dodging        | |  2.1

Action                     |  1- 3 |  4- 6 || total
---------------------------+-------+-------++-------
  Melee: Hand axe          |    82 |     2 ||    84
         Headbutt          |    13 |       ||    13
 Invoke: Berserk           |     2 |       ||     2
 Armour: Animal skin       |    43 |     1 ||    44
  Dodge: Dodged            |    53 |       ||    53
